 Dungeon Crawl Stone Soup version 0.24.1-4-ge52af88ad5 (webtiles) character file.

Game seed: 10852570154229793636, levelgen mode: deterministic

1015 Descartes the Magician (level 8, -13/41 HPs)
             Began as a Deep Elf Air Elementalist on Apr 14, 2020.
             Was an Initiate of Vehumet.
             Mangled by an orc warrior
             ... wielding a +0 glaive
              (22 damage)
             ... on level 5 of the Dungeon.
             The game lasted 00:14:12 (6487 turns).

Descartes the Magician (Deep Elf Air Elementalist)  Turns: 6487, Time: 00:14:12

Health: -13/41     AC:  3    Str:  5    XL:     8   Next: 1%
Magic:  3/18       EV: 15    Int: 23    God:    Vehumet [......]
Gold:   265        SH:  0    Dex: 15    Spells: 10/18 levels left

rFire    + . .     SeeInvis .   C - +0 great sword (slice)
rCold    . . .     Gourm    .   (shield currently unavailable)
rNeg     . . .     Faith    .   a - +0 robe
rPois    .         Spirit   .   (no helmet)
rElec    .         Reflect  .   (no cloak)
rCorr    .         Harm     .   (no gloves)
MR       .....                  h - +0 pair of boots
Stlth    +++.......             (no amulet)
HPRegen  0.13/turn              k - ring of protection from cold
MPRegen  0.16/turn              r - ring of fire

@: very slightly contaminated
A: no striking features
a: Renounce Religion


You were on level 5 of the Dungeon.
You worshipped Vehumet.
Vehumet was noncommittal.
You were not hungry.

You visited 2 branches of the dungeon, and saw 6 of its levels.

You collected 265 gold pieces.

Inventory:

Hand Weapons
 d - a +0 dagger
 w - a +0 dagger of flaming
 z - a +3 dagger
 C - a +0 great sword of slicing (weapon)
Missiles
 b - 51 arrows
 g - 124 stones (quivered)
Armour
 a - a +0 robe (worn)
 h - a +0 pair of boots (worn)
 p - a +0 large shield
 x - a +0 cloak
Jewellery
 k - a ring of protection from cold (left hand)
 r - a ring of fire (right hand)
Wands
 A - a wand of polymorph (8)
Scrolls
 e - 2 scrolls of identify {unknown}
 f - 2 scrolls of random uselessness {unknown}
 j - 2 scrolls of remove curse {unknown}
 l - 2 scrolls of teleportation {unknown}
 o - a scroll of amnesia {unknown}
 u - a scroll of magic mapping {unknown}
 y - a scroll of immolation {unknown}
Potions
 i - a potion of berserk rage {unknown}
 m - a potion of heal wounds {unknown}
 n - 2 potions of degeneration {unknown}
 q - 3 potions of curing
 s - a potion of mutation {unknown}
 t - a potion of might {unknown}
 v - a potion of flight {unknown}
Comestibles
 c - 8 rations
 B - 2 chunks of flesh


   Skills:
 + Level 4.7 Dodging
 + Level 5.1 Stealth
 + Level 2.7 Shields
 + Level 5.8 Spellcasting
 + Level 4.4 Conjurations
 + Level 5.0 Air Magic


You had 10 spell levels left.
You knew the following spells:

 Your Spells              Type           Power        Failure   Level  Hunger
a - Shock                 Conj/Air       ####         1%          1    None
b - Airstrike             Air            ####......   11%         4    ###....
c - Static Discharge      Conj/Air       ####....     3%          3    #......

Your spell library contained the following spells:

 Spells                   Type           Power        Failure   Level  Hunger
 Swiftness                Chrm/Air       ###.....     4%          2    None
 Lightning Bolt           Conj/Air       ####......   34%         5    #####..


Dungeon Overview and Level Annotations

Branches:
Dungeon (5/15)             Temple (1/1) D:4

Altars:
Ashenzari
Dithmenos
Elyvilon
Fedhas
Gozag
Hepliaklqana
Kikubaaqudgha
Makhleb
Nemelex Xobeh
Okawaru
Qazlal
Ru
Sif Muna
Trog
Uskayaw
Vehumet
Wu Jian
Xom
Yredelemnul
Zin
The Shining One


Message History

Casting: Airstrike (safe; 11% risk of failure)
Confirm with . or Enter, or press ? or * to list all spells.
Aiming: Airstrike (safe; 11% risk of failure)
Press: ? - help, Dir - move target cursor, f/p - orc warrior
Aim: an orc warrior, wielding a +0 glaive, wearing a +0 plate armour and wearing an uncursed ring of ice (severely wounded)
You miscast Airstrike.
You are very lightly contaminated with residual magic.
You hear a whooshing sound.
An orc comes into view.
The orc warrior hits you from afar with a +0 glaive!!
* * * LOW HITPOINT WARNING * * *
You feel better.
The orc wizard gestures wildly while chanting.
The orc wizard blinks!
The orc warrior completely misses you.
You riposte.
You barely miss the orc warrior.
The orc warrior is severely wounded.
The orc warrior hits you from afar with a +0 glaive!!
Ouch! That really hurt!
You die...

##.......#.......
...####
#.#####.###..##.
......# # ...#.......#
...#.# ####.#.....#.#
..#.# #..........#.#
#.#.###..........#..
#o#.#..........รท#####
#.o............#......
#..o.@.......#.#.####.
#.........##.#....
#.........##.###.##
#########.#... ...
#.#.... #### #......#
###....# .....? ##


You could see an orc warrior and 2 orcs.

Vanquished Creatures
  Edmund (D:4)
  An ogre (D:4)
  A phantom (D:4)
  A water moccasin zombie (D:5)
  5 killer bees (D:5)
  An orc priest (D:4)
  A centaur skeleton (D:5)
  2 orc wizards (D:4)
  Jessica (D:2)
  An iguana (D:4)
  4 worker ants
  10 adders
  An adder skeleton (D:4)
  3 worms
  3 dart slugs
  6 leopard geckos
  18 orcs
  4 bats
  3 giant cockroaches (D:2)
  5 goblins
  9 hobgoblins
  8 jackals
  2 quokkas
  3 frilled lizards
  13 kobolds
  10 rats
117 creatures vanquished.

Notes
Turn   | Place    | Note
-------+----------+-------------------------------------------
     0 | D:1      | Descartes the Deep Elf Air Elementalist began the quest for
                  | the Orb.
     0 | D:1      | Reached XP level 1. HP: 10/10 MP: 6/6
   289 | D:1      | Reached XP level 2. HP: 15/15 MP: 4/8
  1062 | D:1      | Reached XP level 3. HP: 19/19 MP: 7/10
  1722 | D:2      | Reached XP level 4. HP: 24/24 MP: 8/11
  2108 | D:2      | Noticed Jessica
  2111 | D:2      | Killed Jessica
  2242 | D:2      | Reached XP level 5. HP: 15/28 MP: 7/13
  2504 | D:2      | Learned a level 4 spell: Airstrike
  2508 | D:2      | Learned a level 3 spell: Static Discharge
  2862 | D:2      | Reached skill level 1 in Shields
  3912 | D:4      | Noticed a phantom
  3928 | D:4      | Killed a phantom
  3928 | D:4      | Reached XP level 6. HP: 14/32 MP: 0/15
  4668 | D:4      | Noticed Edmund
  4694 | D:4      | Killed Edmund
  4694 | D:4      | Reached skill level 5 in Spellcasting
  4694 | D:4      | Reached XP level 7. HP: 30/36 MP: 12/16
  5004 | D:4      | Found a staircase to the Ecumenical Temple.
  5331 | Temple   | Entered the Ecumenical Temple
  5503 | Temple   | Became a worshipper of Vehumet
  5973 | D:5      | Entered Level 5 of the Dungeon
  6096 | D:5      | Reached skill level 5 in Stealth
  6096 | D:5      | Reached skill level 5 in Air Magic
  6370 | D:5      | Reached XP level 8. HP: 38/41 MP: 9/18
  6487 | D:5      | Mangled by an orc warrior

Levels and vault maps discovered:
D:1:      psy_arrival_statuary, layout_basic
D:2:      layout_loops_ring, uniq_jessica
D:3:      layout_basic
D:4:      layout_layer_cave, minmay_temple_entry_hall, first_ration,
          kennysheep_generic_room_11, uniq_edmund
D:5:      layout_basic, lightli_corner_chamber, uniq_prince_ribbit1,
          uniq_eustachio
Temple:   regret_index_temple_sigil_plot

Skill      XL: |  1  2  3  4  5  6  7 |
---------------+----------------------+-----
Conjurations   | 2 3 4 |  4.4
Stealth        | 3 4 5 |  5.1
Dodging        | 3 4 |  4.7
Spellcasting   | 4 5 |  5.8
Shields        | 1 2 |  2.7
Air Magic      | 4 5 |  5.0

Action                   |  1- 3 |  4- 6 |  7- 9 || total
-------------------------+-------+-------+-------++-------
Melee: Dagger            |       |    16 |       ||    16
       Unarmed           |       |    11 |     2 ||    13
 Cast: Shock             |    78 |   160 |    40 ||   278
       Airstrike         |       |     2 |     2 ||     4
       Static Discharge  |       |     1 |     2 ||     3
  Use: Potion            |       |     2 |     1 ||     3
 Stab: Confused          |       |     1 |       ||     1
  Eat: Chunk             |     2 |     9 |     1 ||    12
       Ration            |       |       |     2 ||     2
Armor: Robe              |     2 |     6 |     2 ||    10
       Skin              |       |     1 |       ||     1
Dodge: Dodged            |     7 |    46 |    20 ||    73
       Rpst.: Great sword |       |       |     1 ||     1
